 Dungeon Crawl Stone Soup version 0.30-a0-360-g447f08457e (webtiles) character file.

Game seed: 4331749602076685323

41759 Lobster4 the Skirmisher (level 13, -5/101 (102) HPs)
             Began as a Minotaur Hunter on Nov 13, 2022.
             Was a High Priest of Hepliaklqana.
             Slain by an apocalypse crab (7 damage)
             ... while petrified by you
             ... in a Gauntlet.
             The game lasted 00:46:40 (13625 turns).

Lobster4 the Skirmisher (Minotaur Hunter)          Turns: 13625, Time: 00:46:41

HP:   -5/101 (102)  AC: 13    Str: 23    XL:     13   Next: 81%
MP:   3/19          EV:  2    Int:  6    God:    Hepliaklqana [*****.]
Gold: 224           SH:  0    Dex: 26    Spells: 19/22 levels left

rFire   + . .      SeeInvis .    b - +7 falchion "Godirph" {spect, *Corrode rElec rPois Dex+8}
rCold   . . .      Faith    .    (no shield)
rNeg    + + +      Spirit   .    T - +0 troll leather armour
rPois   ∞          Reflect  .    S - +1 hat
rElec   +          Harm     .    w - +1 cloak
rCorr   .          Rampage  .    x - +0 pair of gloves of the Filigreed Elephant {rPois Regen+}
Will    .....      NoTele   +    I - +1 pair of boots of the Final Tables {rF+}
Stlth   ++........               q - amulet of the acrobat
HPRegen 1.96/turn                v - ring of wizardry
MPRegen 0.16/turn                V - +6 ring of strength

@: mighty, petrified, on berserk cooldown, hasted and slowed, lightly drained,
invisible (expiring)
A: reduced essence, horns 2, retaliatory headbutt
a: Renounce Religion, Recall Ancestor, Ancestor Identity, Transference, Idealise


You were in a Gauntlet.
You worshipped Hepliaklqana.
Hepliaklqana was extremely pleased with you.
You visited 3 branches of the dungeon, and saw 18 of its levels.
You also visited: Gauntlet.

You collected 851 gold pieces.
You spent 627 gold pieces at shops.

Inventory:

Hand Weapons
 a - the +7 shortbow "Fushotu" {elec, rElec rF+ Will+ rCorr Int-3}
   (You acquired it on level 2 of the Dungeon)

   Any ammunition fired from it occasionally discharges a powerful burst of
   electricity upon striking a foe.
   Int:       It affects your intelligence (-3).
   rF:        It protects you from fire.
   rElec:     It insulates you from electricity.
   rCorr:     It protects you from acid and corrosion.
   Will:      It increases your willpower.
 b - the +7 falchion "Godirph" (weapon) {spect, *Corrode rElec rPois Dex+8}
   (You found it on level 4 of the Dungeon)

   When its wielder attacks, the weapon's spirit leaps out and strikes again.
   The spirit shares a part of any damage it takes with its wielder.
   Dex:       It affects your dexterity (+8).
   rElec:     It insulates you from electricity.
   rPois:     It protects you from poison.
   *Corrode:  It may corrode you when you take damage.
 f - a +0 sling
 L - a +1 falchion of protection
 R - a +4 scimitar of freezing
 Y - a +3 longbow of flaming
Missiles
 h - 22 poisoned darts
Armour
 e - a +2 pair of boots
 w - a +1 cloak (worn)
 x - the +0 pair of gloves of the Filigreed Elephant (worn) {rPois Regen+}
   (You found it on level 2 of the Dungeon)

   rPois:     It protects you from poison.
   Regen:     It increases your rate of health regeneration.
 E - a +0 ring mail of fire resistance
 I - the +1 pair of boots of the Final Tables (worn) {rF+}
   (You acquired it on level 2 of the Dungeon)

   rF:        It protects you from fire.
 J - +0 acid dragon scales
 K - a +2 leather armour of poison resistance
 S - a +1 hat (worn)
 T - a +0 troll leather armour (worn)
Jewellery
 q - an amulet of the acrobat (around neck)
 v - a ring of wizardry (left hand)
 U - an amulet of reflection
 V - a +6 ring of strength (right hand)
 X - a ring of protection from cold
Wands
 u - a wand of flame (46)
 C - a wand of light (6)
 H - a wand of paralysis (17)
 M - a wand of polymorph (9)
Scrolls
 d - a scroll of brand weapon
 g - 2 scrolls of immolation
 j - 4 scrolls of identify
 n - 8 scrolls of teleportation
 y - a scroll of fog
 z - a scroll of silence
 A - a scroll of enchant armour
 F - a scroll of poison
 N - 2 scrolls of blinking
 O - 3 scrolls of enchant weapon
 Q - a scroll of magic mapping
 W - 2 scrolls of fear
Potions
 c - 4 potions of ambrosia
 l - 3 potions of haste
 o - 3 potions of invisibility
 p - 2 potions of brilliance
 r - 3 potions of heal wounds
 s - 2 potions of might
 B - 5 potions of flight
 D - 8 potions of curing
 P - a potion of lignification


   Skills:
 + Level 10.5 Fighting
 + Level 9.3 Long Blades
 * Level 13.9 Ranged Weapons
 - Level 1.0 Throwing
 + Level 10.1 Armour
 + Level 9.6 Dodging
 - Level 1.0 Stealth
 + Level 5.0 Spellcasting
 + Level 4.7 Air Magic
 + Level 4.1 Invocations
 + Level 7.0 Evocations


You had 19 spell levels left.
You knew the following spells:

 Your Spells              Type           Power      Damage    Failure   Level
a - Swiftness             Air            7%         N/A       6%          3

Your spell library contained the following spells:

 Spells                   Type           Power      Damage    Failure   Level
 Shock                    Conj/Air       16%        1d4       5%          1
 Slow                     Hex            4%         N/A       13%         1
 Airstrike                Air            3%         2d(1-17)  19%         4
 Ensorcelled Hibernation  Hex/Ice        2%         N/A       21%         2
 Kindle Blastsparks       Fire/Tloc/Air  6%         2d10      21%         3
 Confusing Touch          Hex            1%         N/A       36%         3
 Ignite Poison            Fire/Tmut/Pois 1%         N/A       36%         3
 Inner Flame              Hex/Fire       1%         N/A       36%         3
 Ozocubu's Armour         Ice            1%         N/A       36%         3
 Portal Projectile        Hex/Tloc       2%         N/A       36%         3
 Spider Form              Tmut/Pois      1%         N/A       36%         3
 Tukima's Dance           Hex            1%         N/A       36%         3
 Vampiric Draining        Necr           1%         2d6       36%         3
 Anguish                  Hex/Necr       0%         N/A       75%         4
 Cause Fear               Hex            0%         N/A       75%         4
 Fulminant Prism          Conj/Hex       0%         3d5       75%         4
 Iskenderun's Mystic Bla  Conj/Tloc      1%         2d3       75%         4
 Petrify                  Tmut/Erth      1%         N/A       75%         4
 Freezing Cloud           Conj/Ice/Air   1%         6-21      86%         5
 Blade Hands              Tmut           0%         N/A       97%         5
 Lee's Rapid Deconstruct  Erth           0%         3d4*      97%         5
 Metabolic Englaciation   Hex/Ice        0%         N/A       97%         5
 Conjure Ball Lightning   Conj/Air       2%         3x3d6     99%         6
 Simulacrum               Ice/Necr       0%         N/A       100%        6
 Statue Form              Tmut/Erth      0%         N/A       100%        6
 Discord                  Hex            0%         N/A       100%        8
 Disjunction              Tloc           0%         N/A       100%        8


Dungeon Overview and Level Annotations

Branches:
Dungeon (12/15)            Temple (1/1) D:6            Lair (5/5) D:10
  Swamp (0/4) Lair:2        Snake (0/4) Lair:2        Slime (0/5) Lair:4
    Orc (0/2) D:9         Gauntlet (1/1)

Altars:
Ashenzari
Cheibriados
Dithmenos
Elyvilon
Fedhas
Gozag
Hepliaklqana
Kikubaaqudgha
Makhleb
Nemelex Xobeh
Okawaru
Qazlal
Ru
Sif Muna
Trog
Uskayaw
Vehumet
Wu Jian
Xom
Yredelemnul
Zin
The Shining One

Shops:
D:2 ?   D:3 *   D:4 *   D:9 (   D:10 *

Annotations:
D:7 2 transporters, sirJeffrey23's ghost, novice FoFi
D:12 exclusion: deep elf pyromancer Gauntlet 13 transporters, 21 runed translucent doors


Innate Abilities, Weirdness & Mutations

Your life essence is reduced to manifest your ancestor. (-10% HP)
You have a pair of horns on your head.
You reflexively headbutt those who attack you in melee.


Message History

You have turned to stone.
Something bites you. Something shocks you. You resist.
Something claws you but does no damage. Something bites you!
Something freezes you! Something claws you!
Something tries to affect you, but you resist.
A blast of chaos appears from out of thin air!
The blast of chaos engulfs you but does no damage.
You resist.
You feel very mighty all of a sudden.
You feel less confused.
Mirko is engulfed in seething chaos.
A blast of chaos appears from out of thin air!
The blast of chaos engulfs you!
You feel yourself speed up.
Mirko is engulfed in seething chaos.
You flicker for a moment.
Mirko is engulfed in seething chaos.
Something bites you but does no damage. Something claws you!
Something freezes you!! Something bites you.
You feel your power leaking away. Something claws you.
You are engulfed in flames.
You resist. Something bites you!!
* * * LOW HITPOINT WARNING * * *
Something tries to affect you, but you resist.
Something claws you but does no damage. Something bites you!
* * * LOW HITPOINT WARNING * * *
Something tries to affect you, but you resist.
Something claws you but does no damage. Something bites you!
* * * LOW HITPOINT WARNING * * *
You feel your power leaking away. Something claws you.
* * * LOW HITPOINT WARNING * * *
Something freezes you!
* * * LOW HITPOINT WARNING * * *
Something bites you!!
* * * LOW HITPOINT WARNING * * *
Something freezes you!
* * * LOW HITPOINT WARNING * * *
Something claws you!
You die...

####..............#.#≈≈8≈§#©....
##§§...#############.############
8#.§...#©...........©...........©
##.##############################
#.#.........#.#^....##$[#.##....
##.#^#.....#.#.#.^###.##?#.#.#...
8#.#.##...##.#.#.##.^#.#.#.#..#..
##.#.^##.##.u#.#R#.#.#.#.#.#...#©
#.#....©...G#.#@#.#©#.#.#.#....#
##.#.^#####^.#.#{#.#.#.#.#.#...#.
8#.#.##...##.#.#.#.##.##.#.#..#..
##.#.#.....#.#.#.##.###^.#.#.#...
#.#..}.©/=..#.##©##....^#.##."?©
##.###########.###########.######
8#...............................
##§..............................
################################


You could see the friendly Mirko the hexer (fast, strong, invisible), a great
orb of eyes and a white ugly thing (unable to see you).

Vanquished Creatures
  Nessos (Lair:3)
  3 hydras (Lair:2)
  A catoblepas (Lair:1)
  8 death yaks
  5 two-headed ogres
  Pikel (D:4)
  A wolf spider (D:11)
  2 cyclopes (D:12)
  A guardian serpent (D:11)
  9 elephants
  Maurice (D:8)
  2 black mambas
  4 cane toads
  A kobold demonologist (D:11)
  A rime drake (Lair:1)
  3 komodo dragons
  A polar bear (Lair:1)
  A tyrant leech (Lair:2)
  A troll (D:11)
  A slime creature (D:12)
  Grinder (D:6)
  3 hornets
  14 blink frogs
  Prince Ribbit (D:7)
  5 shadows
  A vampire (D:12)
  6 spriggans (Lair:4)
  11 yaks
  Eustachio (D:5)
  4 wyverns
  2 basilisks
  A steam dragon (D:7)
  6 vampire mosquitoes
  2 swamp worms (Lair:2)
  Duvessa (D:5)
  9 water moccasins
  Pargi (D:4)
  5 black bears
  4 ice beasts
  2 sky beasts (D:7)
  4 orc warriors
  3 wolves (Lair:2)
  2 boggarts (Lair:4)
  A centaur (D:6)
  A lemure (D:5)
  4 kobold brigands
  3 phantoms
  11 bullfrogs
  A necrophage (D:3)
  A gnoll sergeant (D:9)
  5 scorpions
  8 wights (D:10)
  Dowan (D:5)
  3 killer bees (D:8)
  2 electric eels
  4 howler monkeys
  A hound (D:7)
  4 orc priests
  3 jellies
  6 iguanas
  8 orc wizards
  Ijyb (D:4)
  4 gnolls
  12 adders
  3 shadow imps
  3 white imps
  3 ufetubi
  2 worms
  7 dart slugs
  33 orcs
  5 ball pythons
  4 endoplasms
  2 giant cockroaches (D:2)
  9 goblins
  7 hobgoblins
  24 kobolds
  6 quokkas
  8 bats
  4 frilled lizards
  8 rats
349 creatures vanquished.

Vanquished Creatures (collateral kills)
  A wizard (Gauntlet)
  2 elephants (Lair:3)
  A black mamba (Lair:2)
  A cane toad (Lair:1)
  Maggie (D:8)
  A komodo dragon (Lair:3)
  2 hornets (Lair:4)
  A troll (D:11)
  3 blink frogs
  3 slime creatures (D:12)
  A shadow (D:9)
  6 spriggans (Lair:4)
  A basilisk (Lair:4)
  4 yaks
  2 swamp worms (Lair:2)
  2 nagas (Lair:2)
  A water moccasin (Lair:1)
  A sky beast (D:7)
  A boggart (Lair:4)
  A bullfrog (Lair:3)
  A killer bee (D:8)
  An electric eel (D:10)
  An orc wizard (D:8)
  2 gnolls (D:9)
  A shadow imp (Gauntlet)
  2 orcs
  3 kobolds (D:8)
47 creatures vanquished.

Vanquished Creatures (others)
  11 hexers
  2 ancestors
  11 demonic plants (Gauntlet)
  5 fungi
  9 plants
38 creatures vanquished.

Grand Total: 434 creatures vanquished

Notes
Turn   | Place    | Note
-------+----------+-------------------------------------------
     0 | D:1      | Lobster4 the Minotaur Hunter began the quest for the Orb.
     0 | D:1      | Reached XP level 1. HP: 18/18 MP: 0/0
   102 | D:1      | Reached skill level 1 in Stealth
   131 | D:1      | Reached XP level 2. HP: 25/25 MP: 1/1
   470 | D:1      | Reached skill level 1 in Armour
   524 | D:1      | Reached XP level 3. HP: 30/30 MP: 2/2
   749 | D:2      | Reached skill level 5 in Ranged Weapons
  1121 | D:2      | Reached XP level 4. HP: 38/38 MP: 3/3
  1148 | D:2      | Found Oxitev's Magic Scroll Boutique.
  1156 | D:2      | Bought a scroll of teleportation for 33 gold pieces
  1598 | D:2      | Identified the +0 pair of gloves of the Filigreed Elephant
                  | {rPois Regen+}
  2111 | D:2      | Bought a scroll of identify for 22 gold pieces
  2115 | D:2      | Identified a scroll of acquirement
  2115 | D:2      | Acquired the +7 shortbow "Fushotu" {elec, rElec rF+ Will+
                  | rCorr Int-3}
  2130 | D:3      | Noticed a necrophage
  2141 | D:3      | Killed a necrophage
  2142 | D:3      | Reached XP level 5. HP: 36/46 MP: 4/4
  2345 | D:3      | Noticed an ice beast
  2351 | D:3      | Killed an ice beast
  2352 | D:3      | Reached skill level 6 in Ranged Weapons
  2352 | D:3      | Reached XP level 6. HP: 52/52 MP: 5/5
  2442 | D:3      | You fall into a shaft and drop 2 floors!
  2442 | D:5      | Entered Level 5 of the Dungeon
  2778 | D:4      | Noticed Ijyb
  2791 | D:4      | Killed Ijyb
  2898 | D:4      | Reached XP level 7. HP: 46/60 MP: 6/6
  2918 | D:4      | Noticed Pargi
  2927 | D:4      | Killed Pargi
  2928 | D:4      | Reached skill level 7 in Ranged Weapons
  3138 | D:4      | Found Ryjaga's Assorted Antiques.
  3139 | D:4      | Identified the +7 falchion "Godirph" {spect, *Corrode rElec
                  | rPois Dex+8}
  3301 | D:5      | Noticed Eustachio
  3345 | D:5      | Killed Eustachio
  3346 | D:5      | Reached skill level 5 in Fighting
  3346 | D:5      | Reached skill level 1 in Long Blades
  3387 | D:5      | Noticed Pikel
  3403 | D:4      | Killed Pikel
  3404 | D:4      | Reached skill level 1 in Throwing
  3404 | D:4      | Reached skill level 5 in Dodging
  3404 | D:4      | Reached skill level 1 in Evocations
  3404 | D:4      | Reached XP level 8. HP: 53/69 MP: 7/7
  3512 | D:5      | Noticed Dowan
  3515 | D:5      | Noticed Duvessa
  3586 | D:5      | Killed Duvessa
  3587 | D:5      | Reached skill level 8 in Ranged Weapons
  3587 | D:5      | Reached skill level 5 in Armour
  3591 | D:5      | Killed Dowan
  3907 | D:5      | Learned a level 3 spell: Swiftness
  3934 | D:6      | Found a staircase to the Ecumenical Temple.
  3940 | Temple   | Entered the Ecumenical Temple
  4377 | Temple   | Became a worshipper of Hepliaklqana the Forgotten
  4815 | D:6      | Reached XP level 9. HP: 75/75 MP: 7/9
  4918 | D:6      | Reached skill level 1 in Air Magic
  4958 | D:6      | Noticed Grinder
  4962 | D:6      | Killed Grinder
  4963 | D:6      | Reached skill level 1 in Spellcasting
  5125 | D:7      | Noticed sirJeffrey23's ghost (novice FoFi)
  5300 | D:7      | Reached * piety under Hepliaklqana
  5336 | D:7      | Noticed Prince Ribbit
  5346 | D:7      | Killed Prince Ribbit
  5347 | D:7      | Reached skill level 9 in Ranged Weapons
  5668 | D:7      | Reached XP level 10. HP: 46/77 MP: 11/11
  5731 | D:7      | Found a transporter.
  5738 | D:7      | Found a transporter.
  5741 | D:7      | Noticed a manticore
  5800 | D:8      | Reached skill level 5 in Long Blades
  5864 | D:8      | Reached skill level 10 in Ranged Weapons
  6110 | D:8      | Noticed Maggie
  6116 | D:8      | Killed Maggie
  6162 | D:8      | Noticed a two-headed ogre
  6168 | D:8      | Killed a two-headed ogre
  6278 | D:8      | Noticed a two-headed ogre
  6283 | D:8      | Killed a two-headed ogre
  6482 | D:8      | Noticed Maurice
  6487 | D:8      | Killed Maurice
  6662 | D:9      | Reached ** piety under Hepliaklqana
  6663 | D:9      | Remembered your ancestor Mirko as a hexer
  6719 | D:9      | Noticed a two-headed ogre
  6726 | D:9      | Killed a two-headed ogre
  6727 | D:9      | Reached XP level 11. HP: 84/84 MP: 14/14
  6978 | D:9      | Noticed a two-headed ogre
  6983 | D:9      | Killed a two-headed ogre
  6984 | D:9      | Reached skill level 11 in Ranged Weapons
  6995 | D:9      | Identified the +2 robe of the Endless Expanse {rElec rPois
                  | MP+9}
  7087 | D:9      | Found a staircase to the Orcish Mines.
  7087 | D:9      | Found Liuwnou's Weapon Shop.
  7164 | D:9      | Found a bloodstained altar of Trog.
  7165 | D:9      | Found an opulent altar of Gozag.
  7542 | D:10     | Entered Level 10 of the Dungeon
  7664 | D:10     | Noticed a two-headed ogre
  7668 | D:10     | Killed a two-headed ogre
  7707 | D:10     | Noticed a two-headed ogre
  7982 | D:10     | Reached *** piety under Hepliaklqana
  7996 | D:10     | Reached skill level 5 in Evocations
  8156 | D:10     | Found Lotsabeh's Lightly-Used Armoury.
  8245 | D:10     | Found a staircase to the Lair.
  8860 | D:11     | Identified the +1 scale mail of the Grue {rElec rPois
                  | Dex-5}
  9001 | D:11     | Noticed a wolf spider
  9010 | D:11     | Killed a wolf spider
  9559 | D:12     | Reached skill level 12 in Ranged Weapons
  9570 | D:12     | Noticed a deep elf pyromancer
  9603 | D:12     | Reached XP level 12. HP: 76/93 MP: 16/16
  9649 | Lair:1   | Entered Level 1 of the Lair of Beasts
  9649 | Lair:1   | Reached **** piety under Hepliaklqana
  9680 | Lair:1   | Noticed a catoblepas
  9695 | Lair:1   | Killed a catoblepas
 10022 | D:2      | Bought a scroll of acquirement for 572 gold pieces
 10022 | D:2      | Acquired the +1 pair of boots of the Final Tables {rF+}
 10533 | Lair:1   | Noticed a death yak
 10554 | Lair:1   | Killed a death yak
 10555 | Lair:1   | Reached skill level 1 in Invocations
 10572 | Lair:1   | Noticed a death yak
 10572 | Lair:1   | Noticed a death yak
 10572 | Lair:1   | Noticed a death yak
 10575 | Lair:1   | Noticed a death yak
 10595 | Lair:1   | Killed a death yak
 10697 | Lair:1   | Killed a death yak
 10713 | Lair:1   | Killed a death yak
 10722 | Lair:1   | Killed a death yak
 11213 | Lair:2   | Found a staircase to the Snake Pit.
 11277 | Lair:2   | Noticed a six-headed hydra
 11282 | Lair:2   | Killed a six-headed hydra
 11297 | Lair:2   | Reached skill level 13 in Ranged Weapons
 11480 | Lair:2   | Noticed a five-headed hydra
 11487 | Lair:2   | Killed a five-headed hydra
 11488 | Lair:2   | Reached XP level 13. HP: 101/101 MP: 18/18
 11649 | Lair:2   | Reached skill level 10 in Fighting
 11723 | Lair:2   | Found a staircase to the Swamp.
 12043 | Lair:3   | Noticed Nessos
 12050 | Lair:3   | Killed Nessos
 12159 | Lair:3   | Reached ***** piety under Hepliaklqana
 12780 | Lair:4   | You fall into a shaft and drop 1 floor!
 12780 | Lair:5   | Entered Level 5 of the Lair of Beasts
 12875 | Lair:4   | Reached skill level 10 in Armour
 12969 | Lair:4   | Found a sacrificial altar of Ru.
 12987 | Lair:4   | Found a gate leading to a gauntlet.
 12996 | Gauntlet | Entered a Gauntlet
 12996 | Gauntlet | Found a transporter.
 12997 | Gauntlet | Found a large runed translucent door.
 12998 | Gauntlet | Found a large runed translucent door.
 12999 | Gauntlet | Found a large runed translucent door.
 12999 | Gauntlet | Found a large runed translucent door.
 12999 | Gauntlet | Found a runed translucent door.
 13000 | Gauntlet | Found a large runed translucent door.
 13001 | Gauntlet | Found a large runed translucent door.
 13002 | Gauntlet | Found a large runed translucent door.
 13002 | Gauntlet | Found a large runed translucent door.
 13003 | Gauntlet | Found a runed translucent gate.
 13003 | Gauntlet | Found a runed translucent gate.
 13005 | Gauntlet | Found a transporter.
 13013 | Gauntlet | Found a runed translucent gate.
 13013 | Gauntlet | Found a runed translucent door.
 13014 | Gauntlet | Found a large runed translucent door.
 13014 | Gauntlet | Found a large runed translucent door.
 13015 | Gauntlet | Found a large runed translucent door.
 13016 | Gauntlet | Found a large runed translucent door.
 13020 | Gauntlet | Found a transporter.
 13025 | Gauntlet | Found a transporter.
 13042 | Gauntlet | Found a transporter.
 13060 | Gauntlet | Found a transporter.
 13072 | Gauntlet | Found a transporter.
 13072 | Gauntlet | Noticed a green death
 13084 | Gauntlet | Found a transporter.
 13090 | Gauntlet | Found a transporter.
 13108 | Gauntlet | Found a transporter.
 13117 | Gauntlet | Found a transporter.
 13136 | Gauntlet | Found a transporter.
 13151 | Gauntlet | Found a transporter.
 13153 | Gauntlet | Found a transporter.
 13180 | Gauntlet | Found a transporter.
 13196 | Gauntlet | Found a large runed translucent door.
 13196 | Gauntlet | Found a large runed translucent door.
 13197 | Gauntlet | Found a large runed translucent door.
 13198 | Gauntlet | Found a large runed translucent door.
 13200 | Gauntlet | Found a transporter.
 13280 | Gauntlet | Found a transporter.
 13400 | Gauntlet | Found a transporter.
 13552 | Gauntlet | Reached skill level 5 in Spellcasting
 13625 | Gauntlet | HP: 2/101 [something (4)]
 13625 | Gauntlet | Slain by an apocalypse crab

Illustrated notes

Levels and vault maps discovered:
D:1:      lightli_arrival_maybe_door_vault, layout_loops_cross,
          patterned_corridor
D:2:      layout_basic, serial_shops, nicolae_shop_hallway_stairs,
          grunt_ministairs_6
D:3:      layout_rooms
D:4:      layout_basic, serial_shops, shop, uniq_ijyb, uniq_pargi
D:5:      layout_cave_pools, uniq_eustachio, uniq_duvessa, uniq_pikel
D:6:      layout_loops_ring, minmay_temple_entry_grid, uniq_grinder
D:7:      cheibrodos_barr_body, layout_loops_cross, gammafunk_ghost_arena,
          st_stairs_9, minmay_misc_feat_five, uniq_prince_ribbit1
D:8:      layout_loops_ring, chequers_decorated_corner, uniq_maggie,
          uniq_maurice
D:9:      layout_basic, nicolae_overflow_hidden_temple, orc_david_3
D:10:     layout_basic, lair_entry_dummy, dreamdust_princess_bridge,
          chequers_serial_rivers_small_a, minmay_shop_damaged,
          nicolae_fountain_basement
D:11:     layout_loops_ring, nrook_guardian_serpent_ordinary
D:12:     layout_long_grid, serial_co_window_serial, co_window_paths_a,
          co_window_of_opportunity_a, co_window_paths_a,
          co_window_of_opportunity_a, co_window_paths_b, co_window_paths_c,
          co_window_of_opportunity_c, co_window_corner_b, co_window_broadway_c,
          co_window_broadway_c, co_window_paths_d, glass_columns_a,
          glass_columns_c, ebering_dispersal_statue_hall, minivault_5
Temple:   mainiacjoe_temple_big_plus
Lair:1:   layout_regular_city, serial_bayou_pond_a, serial_bayou_shore_a
Lair:2:   layout_chaotic_city, palyth_hydra_swamp_entry,
          guppyfry_snake_entry_island, grunt_megastairs_4, serial_bayou_shore_b
Lair:3:   layout_misc_corridors, uniq_nessos
Lair:4:   kb_forest_paths, layout_regular_city, dpeg_slime_entry_corner,
          basic_altar, gauntlet_entry_generic
Lair:5:   grunt_lair_end_beastmaster, layout_regular_city, serial_bayou_shore_b
Gauntlet: gammafunk_gauntlet_one_two_three [gammafunk_gauntlet_arena_chambers,
          minmay_gauntlet_arena_make_your_own_arena,
          nicolae_gauntlet_arena_quarters, gammafunk_gauntlet_arena_crates,
          gammafunk_gauntlet_arena_arrow_garden,
          gammafunk_gauntlet_arena_corners, nicolae_gauntlet_arena_x,
          gammafunk_gauntlet_arena_spirals, gammafunk_gauntlet_arena_split_x,
          dreamdust_gauntlet_exit_labyrinth]

Skill      XL: |  1  2  3  4  5  6  7  8  9 10 11 12 13 |
---------------+----------------------------------------+-----
Stealth        | 1 |  1.0
Armour         | 1 2 3 4 5 6 7 8 9 10 | 10.1
Fighting       | 3 4 5 6 7 8 9 10 | 10.5
Ranged Weapons | 5 6 7 8 9 10 12 13 | 13.9
Dodging        | 3 4 5 6 7 8 9 |  9.6
Long Blades    | 2 3 4 6 7 8 9 |  9.3
Throwing       | 1 |  1.0
Evocations     | 1 2 3 4 5 6 7 |  7.0
Air Magic      | 2 3 4 |  4.7
Spellcasting   | 1 2 3 4 5 |  5.0
Invocations    | 2 4 |  4.1

Action                   |  1- 3 |  4- 6 |  7- 9 | 10-12 | 13-15 || total
-------------------------+-------+-------+-------+-------+-------++-------
Melee: Falchion          |       |       |     1 |       |    10 ||    11
       Headbutt          |       |       |       |       |     3 ||     3
 Fire: Shortbow          |    84 |   118 |   226 |   567 |   306 ||  1301
Invok: Ancestor Life: He |       |       |       |     1 |       ||     1
       Recall Ancestor   |       |       |       |       |     2 ||     2
Evoke: Wand              |       |       |       |     1 |     3 ||     4
  Use: Scroll            |       |     7 |     9 |     3 |    10 ||    29
       Potion            |       |       |       |     2 |       ||     2
 Stab: Distracted        |       |       |       |       |     1 ||     1
Armor: Leather armour    |     7 |     1 |       |       |       ||     8
       Ring mail         |       |     8 |    26 |     1 |       ||    35
       Troll leather arm |       |       |       |    14 |    41 ||    55
       Acid dragon scale |       |       |       |     4 |       ||     4
Dodge: Dodged            |    31 |    25 |    56 |    60 |   103 ||   275

Table legend: (Time is in decaauts)
 A = Elapsed time spent in this place.
 B = Non-inter-level travel time spent in this place.
 C = Inter-level travel time spent in this place.
 D = Time resting spent in this place.
 E = Time spent auto-exploring this place.
 F = Levels seen in this place.
 G = Mean time per level.
                   A        B        C        D        E       F      G
               +--------+--------+--------+--------+--------+-----+--------+
         Total |  13667 |  12428 |   1239 |    408 |   9304 |  19 |  719.3 |
       Dungeon |   9713 |   8770 |    943 |    273 |   6805 |  12 |  809.4 |
        Temple |    459 |    392 |     67 |      0 |    385 |   1 |  459.0 |
          Lair |   2868 |   2639 |    229 |     33 |   1823 |   5 |  573.6 |
      Gauntlet |    625 |    625 |      0 |    102 |    290 |   1 |  625.0 |
               +--------+--------+--------+--------+--------+-----+--------+

Top non-repeatable levels by time:
     D:2: 1410 daAuts
    D:10: 1061 daAuts
  Lair:2: 1003 daAuts
  Lair:1: 973 daAuts
     D:9: 949 daAuts
     D:8: 900 daAuts
    D:11: 801 daAuts
     D:6: 776 daAuts
     D:1: 763 daAuts
     D:4: 753 daAuts
     D:7: 733 daAuts
  Lair:3: 638 daAuts
Gauntlet: 625 daAuts
     D:3: 619 daAuts
     D:5: 610 daAuts
